 Dungeon Crawl Stone Soup version 0.21.1-1-g345015f (webtiles) character file.

23 letownia2 the Charmwright (level 2, -1/22 HPs)
             Began as a Merfolk Skald on Mar 14, 2018.
             Was an Initiate of Cheibriados.
             Slain by a worm (3 damage)
             ... on level 4 of the Dungeon.
             The game lasted 00:02:03 (432 turns).

letownia2 the Charmwright (Merfolk Skald)            Turns: 432, Time: 00:02:04

Health: -1/22      AC:  3    Str: 12    XL:     2   Next: 95%
Magic:  3/5        EV: 12    Int: 13    God:    Cheibriados [......]
Gold:   9          SH:  0    Dex: 14    Spells: 2/5 levels left

rFire    . . .     SeeInvis .   a - +0 spear
rCold    . . .     Gourm    .   (no shield)
rNeg     . . .     Faith    .   b - +0 leather armour
rPois    .         Spirit   .   (no helmet)
rElec    .         Reflect  .   (no cloak)
rCorr    .         Harm     .   (no gloves)
MR       .....                  (no boots)
Stlth    +.........             (no amulet)
HPRegen  0.07/turn              (no ring)
MPRegen  0.09/turn              (no ring)

@: lethally poisoned (-1 -> -14), very slow
A: change form in water, swift swim, stealthy swim
a: Bend Time, Renounce Religion


You were on level 4 of the Dungeon.
You worshipped Cheibriados.
Cheibriados was noncommittal.
You were not hungry.

You visited 2 branches of the dungeon, and saw 5 of its levels.

You collected 9 gold pieces.

Inventory:

Hand Weapons
 a - a +0 spear (weapon)
Armour
 b - a +0 leather armour (worn)
Scrolls
 e - a scroll of identify {unknown}
Potions
 f - a potion of flight {unknown}
 h - a potion of haste {unknown}
Books
 c - a book of Battle

   Spells                             Type                      Level
   a - Infusion                       Charms                       1
   b - Shroud of Golubria             Charms/Translocation         2
   c - Song of Slaying                Charms                       2
   d - Spectral Weapon                Hexes/Charms                 3
   e - Regeneration                   Charms/Necromancy            3
Comestibles
 d - 2 rations


   Skills:
 - Level 2.1 Fighting
 - Level 3.0 Polearms
 - Level 0.6 Armour
 - Level 2.6 Dodging
 - Level 2.0 Spellcasting
 + Level 4.1 Charms
 - Level 1.0 Translocations


You had 2 spell levels left.
You knew the following spells:

 Your Spells              Type           Power        Failure   Level  Hunger
a - Infusion              Chrm           ##..         6%          1    ##.....
t - Shroud of Golubria    Chrm/Tloc      #.........   17%         2    ###....


Dungeon Overview and Level Annotations

Branches:
Dungeon (4/15)             Temple (1/1) D:4

Altars:
Ashenzari
Cheibriados
Dithmenos
Elyvilon
Fedhas
Hepliaklqana
Makhleb
Nemelex Xobeh
Okawaru
Qazlal
Ru
Trog
Uskayaw
Vehumet
Wu Jian
The Shining One


Message History

Your leather armour prevents you from hitting the worker ant.
The worker ant is moderately wounded.
The worker ant misses you. The worm misses you. The worker ant bites you.
You are poisoned.
The worker ant poisons you!
Your shroud falls apart!
You feel sick. The worker ant bites you.
You hit the worker ant but do no damage.
The worker ant is moderately wounded.
You feel sick. The worker ant barely misses you.
The worker ant bites you but does no damage.
You closely miss the butterfly.
You are no longer magically infusing your attacks.
You feel sick. The worker ant bites you.
You are lethally poisoned!
The worker ant poisons you! The leopard gecko misses you.
You barely miss the butterfly.
You feel sick. The leopard gecko bites you.
* * * LOW HITPOINT WARNING * * *
The worker ant closely misses you. The worm bites you.
You die...

.............# #.#
.... ..........)..#
#.#.... .............#
#.#... .............#
#.#..
.............######.#.
......)..............#
.......>.............#
##.#....la...........#
#....w@...........#
#.......b.........#
#####....###...#'##
#.#....# #...#.#
#.#....###...#.######
#.'......'...'.......
#.#....###...#.#####.
...###### #...#.#.....
#.## #...#.......


You could see a worm, a worker ant and a leopard gecko.

Vanquished Creatures
  An adder (D:2)
  A leopard gecko (D:4)
  2 orcs
  A goblin (D:3)
  3 hobgoblins
  A frilled lizard (D:1)
  2 rats
11 creatures vanquished.

Notes
Turn   | Place    | Note
-------+----------+-------------------------------------------
     0 | D:1      | letownia2 the Merfolk Skald began the quest for the Orb.
     0 | D:1      | Reached XP level 1. HP: 16/16 MP: 3/3
    57 | D:2      | Reached skill level 4 in Charms
    57 | D:2      | Reached XP level 2. HP: 12/22 MP: 0/5
    79 | D:2      | Learned a level 2 spell: Shroud of Golubria
   182 | D:3      | You fall through a shaft!
   215 | D:4      | Found a staircase to the Ecumenical Temple.
   230 | Temple   | Entered the Ecumenical Temple
   305 | Temple   | Became a worshipper of Cheibriados the Contemplative
   370 | D:4      | Reached skill level 1 in Translocations
   432 | D:4      | Slain by a worm

Skill      XL: |  1  2 |
---------------+-------+-----
Charms         | 4 |  4.1
Translocations | 1 |  1.0
Fighting       | |  2.1
Polearms       | |  3.0
Armour         | |  0.6
Dodging        | |  2.6
Spellcasting   | |  2.0

Action                   || total
-------------------------++-------
Melee: Spear             ||    45
 Cast: Infusion          ||     8
       Shroud of Golubri ||     2
 Stab: Sleeping          ||     1
Armor: Leather armour    ||     7
Dodge: Dodged            ||    20
